 Dungeon Sprint DCSS version 0.19-a0-1937-g70ed36a (webtiles) character file.

8 LORDOFBUTT the Skirmisher (level 2, -1/27 HPs)
             Began as a Minotaur Fighter on Oct 26, 2016.
             Was an Initiate of Gozag.
             Slain by a gnoll
             ... wielding a +0 club
              (3 damage)
             ... in the Dungeon (Sprint VII: "The Pits").
             The game lasted 00:00:47 (140 turns).

LORDOFBUTT the Skirmisher (Minotaur Fighter)         Turns: 140, Time: 00:00:47

Health: -1/27      AC:  7    Str: 25    XL:     2   Next: 0%
Magic:  1/1        EV:  7    Int:  5    God:    Gozag
Gold:   261        SH:  9    Dex:  9    Spells: 0 memorised, 1 level left

rFire  . . .     SeeInvis .     l - +2 hand axe
rCold  . . .     Gourm    .     b - +0 scale mail
rNeg   . . .     Faith    .     c - +0 shield
rPois  .         Spirit   .     (helmet restricted)
rElec  .         Reflect  .     (no cloak)
rCorr  .         Harm     .     (no gloves)
MR     .....     NoTele   +     (no boots)
Stlth  ..........               (no amulet)
                                (no ring)
                                (no ring)

@: mighty, gold aura
A: retaliatory headbutt, horns 2
a: Potion Petition, Call Merchant, Bribe Branch, Renounce Religion


You were in the Dungeon.
You worshipped Gozag.
Gozag was aware of your devotion.
You were not hungry.

You visited 1 branch You collected 261 gold pieces.

Inventory:

Hand Weapons
 l - a +2 hand axe (weapon)
Armour
 b - a +0 scale mail (worn)
 c - a +0 shield (worn)
Scrolls
 k - a scroll of blinking
 m - 3 scrolls of remove curse
 n - 5 scrolls of amnesia
 o - a scroll of summoning
Potions
 a - 2 potions of invisibility
 e - a potion of curing
 g - a potion of heal wounds
 h - a potion of haste
 i - 4 potions of magic
 j - 3 potions of berserk rage
Comestibles
 f - 8 bread rations
 p - 40 fruits
 q - 7 meat rations


   Skills:
 + Level 4.2 Fighting
 * Level 3.9 Axes
 + Level 4.2 Armour
 + Level 4.1 Shields


You had one spell level left.
You didn't know any spells.

Dungeon Overview and Level Annotations

Branches:
Dungeon (1/1)

Altars:
Ashenzari
Cheibriados
Dithmenos
Elyvilon
Fedhas
Gozag
Hepliaklqana
Kikubaaqudgha
Makhleb
Nemelex Xobeh
Okawaru
Qazlal
Ru
Sif Muna
Trog
Uskayaw
Vehumet
Xom
Yredelemnul
Zin
The Shining One
Beogh
Jiyva
Lugonu


Innate Abilities, Weirdness & Mutations

You reflexively headbutt those who attack you in melee.
You have a pair of horns on your head.


Message History

You are too injured to fight recklessly!
You are too injured to fight recklessly!
You feel very mighty all of a sudden. The bat hits you but does no damage.
The gnoll hits you with a club.
* * * LOW HITPOINT WARNING * * *
The kobold barely misses you.
You are too injured to fight recklessly!
You are too injured to fight recklessly!
Your shield and scale mail prevent you from hitting the gnoll.
You closely miss the bat. You hit the kobold.
The bat hits you but does no damage. The gnoll hits you but does no damage.
The kobold barely misses you.
You slash the gnoll!
The gnoll is severely wounded.
You hit the kobold.
You kill the kobold!
You have reached level 2!
You block the bat's attack. The gnoll hits you with a club.
You die...
Your body crumbles into a pile of gold.

######)))#.##...........
#.?(.'.))'.##......#..#.
##########.##...........
#..........)'...........
#+#####'#####......#..#.
#..#..##...........
+..'..#####'#####++
##+####'###.......#
#...l$@..##.......#
#....gb..##.......#
#####+#####...<...#
#.......# #.......#
#.......# #########


You could see a gnoll, a bat and a frilled lizard.

Vanquished Creatures
  A bat skeleton (D)
  A goblin (D)
  3 jackals (D)
  A frilled lizard (D)
  A kobold (D)
7 creatures vanquished.

Notes
Turn   | Place    | Note
-------+----------+-------------------------------------------
     0 | D        | LORDOFBUTT the Minotaur Fighter began the quest for the Orb.
     0 | D        | Reached XP level 1. HP: 19/19 MP: 0/0
    28 | D        | Found a radiant altar of Vehumet.
    28 | D        | Found a hide-covered altar of Uskayaw.
    28 | D        | Found an ancient bone altar of Kikubaaqudgha.
    28 | D        | Found a viscous altar of Jiyva.
    28 | D        | Found a hazy altar of Hepliaklqana.
    29 | D        | Found a bloodstained altar of Trog.
    29 | D        | Found a deep blue altar of Sif Muna.
    29 | D        | Found a sacrificial altar of Ru.
    29 | D        | Found a stormy altar of Qazlal.
    29 | D        | Found an iron altar of Okawaru.
    29 | D        | Found a sparkling altar of Nemelex Xobeh.
    29 | D        | Found an opulent altar of Gozag.
    29 | D        | Found a blossoming altar of Fedhas.
    29 | D        | Found a white marble altar of Elyvilon.
    29 | D        | Found a shadowy altar of Dithmenos.
    29 | D        | Found a snail-covered altar of Cheibriados.
    30 | D        | Found a glowing golden altar of the Shining One.
    30 | D        | Found a glowing silver altar of Zin.
    31 | D        | Found a burning altar of Makhleb.
    31 | D        | Found a basalt altar of Yredelemnul.
    31 | D        | Found a roughly hewn altar of Beogh.
    32 | D        | Found a corrupted altar of Lugonu.
    32 | D        | Found a shimmering altar of Xom.
    32 | D        | Found a shattered altar of Ashenzari.
    51 | D        | Became a worshipper of Gozag Ym Sagoz the Greedy
   138 | D        | HP: 1/20 [gnoll/club (3)]
   140 | D        | Reached XP level 2. HP: 2/27 MP: 1/1
   140 | D        | Slain by a gnoll

Vault maps used:
D:        pitsprint

Skill      XL: |  1 |
---------------+----+-----
Axes           | 3 |  3.9
Fighting       | 4 |  4.2
Armour         | 4 |  4.2
Shields        | 4 |  4.1

Action                   || total
-------------------------++-------
Melee: Hand axe          ||    11
       Headbutt          ||     2
       War axe           ||     1
  Use: Potion            ||     1
Armor: Scale mail        ||     8
Dodge: Dodged            ||     5
Block: Shield            ||     3
